 Dungeon Crawl Stone Soup version 0.29.0-4-gdea44cf6ec (webtiles) character file.

Game seed: 3256453289872999258

4288 qw the Cleaver (level 10, -2/80 HPs)
             Began as a Formicid Cinder Acolyte on Sept 4, 2022.
             Was an Initiate of Ignis.
             Slain by a manticore (6 damage)
             ... on level 8 of the Dungeon.
             The game lasted 00:04:26 (10259 turns).

qw the Cleaver (Formicid Cinder Acolyte)           Turns: 10259, Time: 00:04:26

Health: -2/80      AC: 15    Str: 24    XL:     10   Next: 57%
Magic:  11/11      EV: 11    Int: 13    God:    Ignis [......]
Gold:   422        SH:  5    Dex: 15    Spells: 11/11 levels left

rFire   + . .      SeeInvis +   Y - +2 battleaxe
rCold   + . .      Faith    .   (no shield)
rNeg    . . .      Spirit   .   q - +3 scale mail {rC+}
rPois   .          Reflect  +   (helmet unavailable)
rElec   .          Harm     .   d - +2 cloak
rCorr   .          Rampage  .   (no gloves)
Will    +....                   (no boots)
Stlth   ..........              c - amulet of reflection
HPRegen 0.23/turn               f - +6 ring of dexterity
MPRegen 0.12/turn               (no ring)

@: corroded, fiery-armoured
A: permanent stasis, dig shafts and tunnels, antennae 3, four strong arms
a: Dig, Shaft Self, Renounce Religion, Rising Flame


You were on level 8 of the Dungeon.
You worshipped Ignis.
Ignis was noncommittal.
You visited 1 branch of the dungeon, and saw 8 of its levels.

You collected 478 gold pieces.
You spent 56 gold pieces at shops.


Innate Abilities, Weirdness & Mutations

You cannot be hasted, slowed, berserked, paralysed or teleported.
You can dig through walls and to a lower floor.
You have a pair of large antennae on your head. (SInv)
Your four strong arms can wield two-handed weapons with a shield.


   Skills:
 - Level 8.0 Fighting
 - Level 12.0 Axes
 - Level 3.1 Throwing
 + Level 3.1 Armour
 - Level 3.3 Dodging
 - Level 1.1 Spellcasting
 - Level 3.0 Fire Magic


You had 11 spell levels left.
You didn't know any spells.
Your spell library contained the following spells:

 Spells                   Type           Power      Damage    Failure   Level
 Scorch                   Fire           16%        2d6       30%         2

Inventory:

Hand Weapons
 r - a +1 morningstar
 Y - a +2 battleaxe (weapon)
Missiles
 h - 3 boomerangs (quivered)
 k - a javelin
Armour
 d - a +2 cloak (worn)
 j - a +0 plate armour
 n - a +0 chain mail
 q - a +3 scale mail of cold resistance (worn)
Jewellery
 c - an amulet of reflection (around neck)
 f - a +6 ring of dexterity (left hand)
 i - a ring of protection from fire
Scrolls
 e - a scroll of identify
Potions
 a - 2 potions of curing
 b - a potion of might
 g - a potion of haste
 l - a potion of cancellation {unknown}
 m - a potion of ambrosia {unknown}
 o - a potion of degeneration {unknown}
 p - a potion of resistance

Dungeon Overview and Level Annotations

Branches:
Dungeon (8/15)             Temple (0/1) D:6
   Lair: D:8-11

Altars:

Shops:
D:2 ?

Annotations:
D:5 2 transporters


Message History

The manticore claws you but does no damage.
The manticore is burned by your cloak of flames.
The manticore is moderately wounded.
The acid dragon barely misses you. The acid dragon claws you.
The acid dragon is burned by your cloak of flames.
The acid dragon is lightly wounded.
You slice the manticore!!
The manticore is severely wounded.
You slash the acid dragon!
You carefully extract the barbed spikes from your body.
The manticore barely misses you. You block the manticore's attack.
The manticore barely misses you. You block the acid dragon's attack.
The acid dragon claws you.
The acid dragon is burned by your cloak of flames.
The acid dragon is severely wounded.
You hit the manticore.
The manticore is severely wounded.
You slash the acid dragon!
You kill the acid dragon!
The manticore bites you!
The manticore is burned by your cloak of flames.
The manticore is severely wounded.
The manticore claws you.
The manticore is burned by your cloak of flames.
The manticore is almost dead.
The manticore claws you but does no damage.
Your Axes skill increases to level 12!
You hit the manticore but do no damage.
The manticore is almost dead.
You hit the cyclops.
A centaur warrior comes into view.
It is wielding the +6 morningstar of the Transmuting Gods {holy, *Noise rPois rCorr Int+7}.
The manticore bites you but does no damage.
The manticore barely misses you. You block the manticore's attack.
The cyclops misses you.
You barely miss the manticore.
The manticore is almost dead.
The centaur warrior shouts!
You hit the cyclops. The manticore bites you.
You die...

#.%....####.#.#(####..##
#.######.###.)####.#.##
#.)......).#####...#).#
#.######.##.##...#.##.#
#.)....#####...###..#.#
#.##.####..###...##.#.#
##..####..#).####.#..#.#
#.####....###..####....#
#.##.%.##..##..@H####..#
##)).#..##..#.##C..#####
###.##..##.#.# .#...#
### #..###.. .. #...
#..##.# .#. ## #..#.#
c.)# ###.. .# # {{{ #.
##


You could see a centaur warrior, a manticore and a cyclops.

Vanquished Creatures
  A harpy (shapeshifter) (D:6)
  2 wyverns
  Edmund (D:5)
  2 acid dragons (D:8)
  3 water moccasins
  4 orc warriors (D:8)
  2 ogres
  A sky beast (D:7)
  An ice beast (D:8)
  5 centaurs
  2 kobold brigands
  2 bullfrogs (D:8)
  A necrophage (D:5)
  2 scorpions
  8 wights
  A killer bee (D:8)
  2 howler monkeys
  5 hounds
  A jelly (D:6)
  An orc priest (D:6)
  2 gnoll boudas
  3 iguanas
  2 orc wizards
  5 adders
  16 gnolls
  A shadow imp (D:7)
  3 white imps
  An ufetubus (D:5)
  4 dart slugs
  3 worms
  18 orcs
  6 ball pythons
  5 bats
  4 endoplasms
  7 giant cockroaches
  4 goblins
  6 hobgoblins
  3 jackals
  6 quokkas
  5 frilled lizards
  14 kobolds
  5 rats
170 creatures vanquished.

Vanquished Creatures (collateral kills)
  A howler monkey (D:7)
1 creature vanquished.

Vanquished Creatures (others)
  A scorpion zombie (D:7)
  A goblin (D:3)
  A jackal (D:3)
  6 plants
9 creatures vanquished.

Grand Total: 180 creatures vanquished

Notes
Turn   | Place    | Note
-------+----------+-------------------------------------------
     0 | D:1      | qw the Formicid Cinder Acolyte began the quest for the Orb.
     0 | D:1      | Reached XP level 1. HP: 18/18 MP: 2/2
     0 | D:1      | 0 ||| qw: Version: 0.1-a-102-g441f92d
     0 | D:1      | 0 ||| qw: Game counter: 5307
     0 | D:1      | 0 ||| qw: Always use a shield: true
     0 | D:1      | 0 ||| qw: God list: Okawaru
     0 | D:1      | 0 ||| qw: Allow faded altars: false
     0 | D:1      | 0 ||| qw: Do Orc after D:15 true
     0 | D:1      | 0 ||| qw: Do second Lair branch before Depths: true
     0 | D:1      | 0 ||| qw: Lair rune preference: random
     0 | D:1      | 0 ||| qw: Plans: Normal
     0 | D:1      | 0 ||| PLANNING D:1-11
    42 | D:1      | 42 ||| Stepping ~*~*~tactically~*~*~ (hiding).
    46 | D:1      | 46 ||| Stepping ~*~*~tactically~*~*~ (hiding).
   279 | D:1      | 279 ||| Stepping ~*~*~tactically~*~*~ (stealth).
   283 | D:1      | Reached XP level 2. HP: 24/24 MP: 3/3
   716 | D:1      | 716 ||| Stepping ~*~*~tactically~*~*~ (hiding).
  1017 | D:1      | Reached skill level 4 in Axes
  1017 | D:1      | Reached XP level 3. HP: 27/29 MP: 4/4
  1065 | D:1      | Found a faded altar of an unknown god.
  1218 | D:1      | 1218 ||| UPGRADING to +0 acid dragon scales.
  1228 | D:1      | 1228 ||| DROPPING +0 robe.
  1229 | D:1      | 1229 ||| READING scroll labelled SAANIK MALIP.
  1230 | D:1      | 1230 ||| READING 4 scrolls labelled USSIKH DEEHIRO.
  1231 | D:1      | 1231 ||| READING 3 scrolls of identify.
  1231 | D:1      | 1231 ||| IDENTIFYING fuming ruby potion
  1232 | D:1      | 1232 ||| READING 2 scrolls of identify.
  1232 | D:1      | 1232 ||| IDENTIFYING fizzy orange potion
  1233 | D:1      | 1233 ||| DROPPING potion of attraction.
  1234 | D:1      | 1234 ||| DROPPING potion of flight.
  1336 | D:2      | 1336 ||| Stepping ~*~*~tactically~*~*~ (hiding).
  1356 | D:2      | 1356 ||| INVOKING Fiery Armour.
  1360 | D:2      | Reached skill level 1 in Armour
  1591 | D:2      | 1591 ||| Stepping ~*~*~tactically~*~*~ (stealth).
  1592 | D:2      | 1592 ||| Stepping ~*~*~tactically~*~*~ (stealth).
  1596 | D:2      | 1596 ||| Stepping ~*~*~tactically~*~*~ (stealth).
  1597 | D:2      | 1597 ||| Stepping ~*~*~tactically~*~*~ (stealth).
  1668 | D:2      | 1668 ||| Stepping ~*~*~tactically~*~*~ (stealth).
  1719 | D:2      | Reached XP level 4. HP: 35/35 MP: 5/5
  1870 | D:2      | Found Icouch's Magic Scroll Shop.
  1873 | D:2      | 1873 ||| SHOPLISTING scroll of enchant armour (105 gold,
                  | have 95).
  1873 | D:2      | 1873 ||| BUYING scroll of identify (28 gold).
  1873 | D:2      | Bought a scroll of identify for 28 gold pieces
  1873 | D:2      | 1873 ||| BUYING scroll of identify (28 gold).
  1873 | D:2      | Bought a scroll of identify for 28 gold pieces
  2001 | D:2      | 2001 ||| Stepping ~*~*~tactically~*~*~ (hiding).
  2002 | D:2      | 2002 ||| Stepping ~*~*~tactically~*~*~ (hiding).
  2013 | D:2      | Reached skill level 1 in Throwing
  2048 | D:2      | 2048 ||| Stepping ~*~*~tactically~*~*~ (stealth).
  2115 | D:2      | 2115 ||| Stepping ~*~*~tactically~*~*~ (stealth).
  2354 | D:2      | 2354 ||| READING scroll labelled KEISEATOMM.
  2355 | D:2      | 2355 ||| READING scroll labelled JEVIEGEGIE.
  2356 | D:2      | 2356 ||| READING 3 scrolls of identify.
  2356 | D:2      | 2356 ||| IDENTIFYING ruby potion
  2357 | D:2      | 2357 ||| READING 2 scrolls of identify.
  2357 | D:2      | 2357 ||| IDENTIFYING clear potion
  2468 | D:3      | 2468 ||| Stepping ~*~*~tactically~*~*~ (stealth).
  2480 | D:3      | 2480 ||| Stepping ~*~*~tactically~*~*~ (hiding).
  2481 | D:3      | 2481 ||| FLEEEEING.
  2482 | D:3      | 2482 ||| STAIRDANCE
  2562 | D:2      | 2562 ||| READING scroll labelled RAS AHEITIM.
  2565 | D:3      | 2565 ||| STAIRDANCE
  2617 | D:3      | 2617 ||| Stepping ~*~*~tactically~*~*~ (hiding).
  2688 | D:3      | 2688 ||| Stepping ~*~*~tactically~*~*~ (stealth).
  2829 | D:3      | 2829 ||| Stepping ~*~*~tactically~*~*~ (hiding).
  2835 | D:3      | 2835 ||| INVOKING Fiery Armour.
  2839 | D:3      | Reached XP level 5. HP: 36/41 MP: 6/6
  2842 | D:3      | Reached skill level 5 in Axes
  3171 | D:3      | Reached skill level 1 in Dodging
  3199 | D:3      | 3199 ||| INVOKING Fiery Armour.
  3200 | D:3      | HP: 10/41 [worm (7)]
  3640 | D:3      | 3640 ||| UPGRADING to amulet of reflection.
  3645 | D:3      | 3645 ||| READING scroll labelled QAUPHAURUMM.
  3646 | D:3      | 3646 ||| READING scroll labelled MIYWNOSTREOHIS.
  3647 | D:3      | 3647 ||| READING scroll labelled JORHUM TASSERU.
  3648 | D:3      | 3648 ||| READING 3 scrolls of identify.
  3648 | D:3      | 3648 ||| IDENTIFYING fuming inky potion
  3649 | D:3      | 3649 ||| READING 2 scrolls of identify.
  3649 | D:3      | 3649 ||| IDENTIFYING fuming red potion
  3650 | D:3      | 3650 ||| DROPPING potion of berserk rage.
  3651 | D:3      | 3651 ||| Stepping randomly (stuck).
  3652 | D:3      | 3652 ||| Stepping ~*~*~tactically~*~*~ (cloud).
  3961 | D:4      | 3961 ||| Stepping ~*~*~tactically~*~*~ (stealth).
  3998 | D:4      | 3998 ||| INVOKING Fiery Armour.
  4001 | D:4      | 4001 ||| Stepping ~*~*~tactically~*~*~ (hiding).
  4012 | D:4      | Reached XP level 6. HP: 18/47 MP: 7/7
  4024 | D:4      | 4024 ||| FLEEEEING.
  4025 | D:4      | 4025 ||| FLEEEEING.
  4026 | D:4      | 4026 ||| FLEEEEING.
  4027 | D:4      | 4027 ||| FLEEEEING.
  4028 | D:4      | 4028 ||| FLEEEEING.
  4029 | D:4      | 4029 ||| FLEEEEING.
  4030 | D:4      | 4030 ||| FLEEEEING.
  4031 | D:4      | 4031 ||| FLEEEEING.
  4032 | D:4      | 4032 ||| FLEEEEING.
  4034 | D:4      | 4034 ||| FLEEEEING.
  4035 | D:4      | 4035 ||| FLEEEEING.
  4036 | D:4      | 4036 ||| FLEEEEING.
  4037 | D:4      | 4037 ||| FLEEEEING.
  4038 | D:4      | 4038 ||| FLEEEEING.
  4039 | D:4      | 4039 ||| FLEEEEING.
  4040 | D:4      | 4040 ||| STAIRDANCE
  4244 | D:3      | 4244 ||| READING scroll labelled DOTOEL BOZI.
  4263 | D:3      | 4263 ||| DROPPING +0 club.
  4284 | D:4      | Noticed an ogre
  4291 | D:4      | Killed an ogre
  4292 | D:4      | Reached skill level 6 in Axes
  4340 | D:4      | 4340 ||| DROPPING +0 whip.
  4522 | D:4      | 4522 ||| READING scroll of enchant weapon.
  4522 | D:4      | 4522 ||| ENCHANTING +0 hand axe of chaos.
  4628 | D:4      | 4628 ||| UPGRADING to +6 ring of dexterity.
  4674 | D:5      | Entered Level 5 of the Dungeon
  4778 | D:5      | 4778 ||| Stepping ~*~*~tactically~*~*~ (stealth).
  4792 | D:5      | Reached XP level 7. HP: 35/54 MP: 8/8
  4816 | D:5      | 4816 ||| FLEEEEING.
  4825 | D:5      | 4825 ||| STAIRDANCE
  4896 | D:4      | 4896 ||| UPGRADING to +0 chain mail.
  4906 | D:4      | 4906 ||| DROPPING +0 acid dragon scales.
  5041 | D:5      | 5041 ||| Stepping ~*~*~tactically~*~*~ (hiding).
  5057 | D:5      | 5057 ||| INVOKING Fiery Armour.
  5058 | D:5      | Reached skill level 3 in Armour
  5244 | D:5      | Found a transporter.
  5348 | D:5      | 5348 ||| Stepping ~*~*~tactically~*~*~ (hiding).
  5349 | D:5      | 5349 ||| Stepping ~*~*~tactically~*~*~ (hiding).
  5351 | D:5      | 5351 ||| Stepping ~*~*~tactically~*~*~ (hiding).
  5352 | D:5      | 5352 ||| Stepping ~*~*~tactically~*~*~ (hiding).
  5353 | D:5      | 5353 ||| Stepping ~*~*~tactically~*~*~ (hiding).
  5354 | D:5      | 5354 ||| Stepping ~*~*~tactically~*~*~ (hiding).
  5355 | D:5      | 5355 ||| Stepping ~*~*~tactically~*~*~ (hiding).
  5355 | D:5      | Noticed Edmund
  5371 | D:5      | 5371 ||| INVOKING Fiery Armour.
  5375 | D:5      | Killed Edmund
  5376 | D:5      | Reached skill level 7 in Axes
  5595 | D:5      | 5595 ||| DROPPING +1 flail of holy wrath.
  5661 | D:5      | Reached XP level 8. HP: 55/60 MP: 9/9
  5942 | D:5      | Found a transporter.
  5974 | D:5      | 5974 ||| UPGRADING to +3 scale mail of cold resistance.
  5984 | D:5      | 5984 ||| DROPPING amulet of the acrobat.
  5985 | D:5      | 5985 ||| READING scroll labelled ANKIX ZOCA.
  5986 | D:5      | 5986 ||| READING scroll labelled COFIME CENO.
  6184 | D:6      | 6184 ||| INVOKING Fiery Armour.
  6205 | D:6      | Reached skill level 8 in Axes
  6387 | D:6      | 6387 ||| Stepping ~*~*~tactically~*~*~ (hiding).
  6391 | D:6      | Found a staircase to the Ecumenical Temple.
  6394 | D:6      | Noticed a glowing shapeshifter
  6394 | D:6      | a centaur changed into a glowing shapeshifter
  6394 | D:6      | Noticed an anaconda
  6394 | D:6      | a glowing shapeshifter changed into an anaconda
  6395 | D:6      | Noticed a merfolk
  6395 | D:6      | an anaconda changed into a merfolk
  6399 | D:6      | Noticed a lindwurm
  6399 | D:6      | a merfolk changed into a lindwurm
  6401 | D:6      | Noticed a guardian serpent
  6401 | D:6      | a lindwurm changed into a guardian serpent
  6403 | D:6      | Noticed a harpy
  6403 | D:6      | a guardian serpent changed into a harpy
  6405 | D:6      | 6405 ||| INVOKING Fiery Armour.
  6405 | D:6      | HP: 10/60 [harpy (glowing shapeshifter) (8)]
  6407 | D:6      | Killed a harpy
  6408 | D:6      | Reached skill level 6 in Fighting
  6408 | D:6      | Reached XP level 9. HP: 12/71 MP: 10/10
  6992 | D:6      | 6992 ||| FLEEEEING.
  6996 | D:6      | 6996 ||| FLEEEEING.
  7368 | D:6      | 7368 ||| UPGRADING to +2 cloak.
  7373 | D:6      | 7373 ||| DROPPING +0 cloak.
  7374 | D:6      | 7374 ||| READING scroll labelled XEKLERGH LOROTO.
  7533 | D:6      | 7533 ||| READING 2 scrolls of identify.
  7533 | D:6      | 7533 ||| IDENTIFYING murky yellow potion
  7534 | D:6      | 7534 ||| DROPPING potion of lignification.
  7553 | D:7      | Reached skill level 9 in Axes
  7606 | D:7      | Found a flagged portal.
  7629 | D:7      | 7629 ||| Stepping ~*~*~tactically~*~*~ (hiding).
  7630 | D:7      | 7630 ||| Stepping ~*~*~tactically~*~*~ (hiding).
  7631 | D:7      | 7631 ||| Stepping ~*~*~tactically~*~*~ (hiding).
  7947 | D:7      | 7947 ||| Stepping ~*~*~tactically~*~*~ (stealth).
  7960 | D:7      | Reached skill level 10 in Axes
  7967 | D:7      | 7967 ||| INVOKING Fiery Armour.
  7968 | D:7      | HP: 15/67 [wight/+3 mace (13)]
  7973 | D:7      | HP: 11/67 [wight/+2 great sword (4)]
  8242 | D:7      | 8242 ||| SWAPPING to +2 battleaxe.
  8243 | D:7      | 8243 ||| DROPPING +1 hand axe of chaos.
  8290 | D:7      | Reached skill level 3 in Dodging
  8365 | D:7      | 8365 ||| Stepping ~*~*~tactically~*~*~ (stealth).
  8368 | D:7      | 8368 ||| Stepping ~*~*~tactically~*~*~ (stealth).
  8376 | D:7      | 8376 ||| INVOKING Fiery Armour.
  8580 | D:7      | 8580 ||| DROPPING +5 flail of protection.
  8671 | D:7      | 8671 ||| Stepping ~*~*~tactically~*~*~ (hiding).
  8681 | D:7      | Reached skill level 3 in Throwing
  8803 | D:7      | Reached XP level 10. HP: 53/79 MP: 11/11
  8983 | D:7      | 8983 ||| READING scroll labelled KOISECHA OFFA.
  9084 | D:7      | 9084 ||| READING 2 scrolls of identify.
  9084 | D:7      | 9084 ||| IDENTIFYING fizzy purple potion
  9085 | D:7      | 9085 ||| DROPPING potion of brilliance.
  9210 | D:8      | 9210 ||| Stepping ~*~*~tactically~*~*~ (stealth).
  9211 | D:8      | 9211 ||| Stepping ~*~*~tactically~*~*~ (stealth).
  9214 | D:8      | 9214 ||| Stepping ~*~*~tactically~*~*~ (stealth).
  9242 | D:8      | Reached skill level 11 in Axes
  9257 | D:8      | 9257 ||| Stepping ~*~*~tactically~*~*~ (hiding).
  9289 | D:8      | 9289 ||| Stepping ~*~*~tactically~*~*~ (stealth).
  9445 | D:8      | 9445 ||| Stepping ~*~*~tactically~*~*~ (hiding).
  9456 | D:8      | 9456 ||| Stepping ~*~*~tactically~*~*~ (hiding).
  9463 | D:8      | 9463 ||| INVOKING Fiery Armour.
 10017 | D:8      | 10017 ||| Stepping ~*~*~tactically~*~*~ (hiding).
 10026 | D:8      | 10026 ||| FLEEEEING.
 10249 | D:8      | Noticed a manticore
 10253 | D:8      | 10253 ||| INVOKING Fiery Armour.
 10254 | D:8      | Noticed a cyclops
 10255 | D:8      | HP: 17/80 [acid dragon (5)]
 10257 | D:8      | HP: 7/80 [manticore (8)]
 10257 | D:8      | HP: 3/80 [manticore (4)]
 10258 | D:8      | Reached skill level 12 in Axes
 10258 | D:8      | Identified the +6 morningstar of the Transmuting Gods
                  | {holy, *Noise rPois rCorr Int+7}
 10258 | D:8      | Noticed a centaur warrior
 10259 | D:8      | Slain by a manticore

Levels and vault maps discovered:
D:1:      elethiomel_arrival_infinity_welcomes_careful_drivers, layout_basic,
          hellmonk_ecumenical_altar_run_dry
D:2:      layout_basic, serial_shops, nicolae_shop_behind_doors,
          hangedman_feature_mirror
D:3:      layout_loops_cross
D:4:      layout_cave_pools, serial_bayou_lagoon_b
D:5:      gammafunk_cloud_chamber, layout_loops_cross, uniq_edmund
D:6:      layout_basic, minmay_temple_entry_statues
D:7:      layout_basic, enter_bailey_1
D:8:      minmay_the_grid_triangle_9x9_rhombus_full
          [minmay_the_grid_triangle_9x9_shrine,
          minmay_the_grid_triangle_9x9_from_above,
          minmay_the_grid_triangle_9x9_zippers_vertical,
          minmay_the_grid_triangle_9x9_skeleton,
          minmay_the_grid_triangle_9x9_corrupted_corridor,
          minmay_the_grid_triangle_9x9_descending_squares,
          minmay_the_grid_triangle_9x9_semitri,
          minmay_the_grid_triangle_9x9_prize_center], layout_loops_ring,
          nicolae_vehumet_radiance, mainiacjoe_overflow_catwalk

Skill      XL: |  1  2  3  4  5  6  7  8  9 10 |
---------------+-------------------------------+-----
Axes           | 4 5 6 7 8 10 12 | 12.0
Armour         | 1 3 |  3.1
Throwing       | 1 2 3 |  3.1
Dodging        | 1 2 3 |  3.3
Fighting       | 4 6 7 8 |  8.0
Spellcasting   | |  1.1
Fire Magic     | |  3.0

Action                   |  1- 3 |  4- 6 |  7- 9 | 10-12 || total
-------------------------+-------+-------+-------+-------++-------
Melee: Hand axe          |    96 |   153 |   191 |       ||   440
       Punch             |       |     4 |     3 |       ||     7
       Battleaxe         |       |       |    33 |    85 ||   118
Throw: Javelin           |       |    50 |    20 |     5 ||    75
       Boomerang         |       |     9 |    18 |     4 ||    31
Invok: Fiery Armour      |     1 |     3 |     6 |     2 ||    12
  Use: Scroll            |     4 |    12 |     4 |     2 ||    22
 Stab: Paralysed         |       |     1 |       |       ||     1
       Confused          |       |       |     2 |       ||     2
Armor: Robe              |     5 |       |       |       ||     5
       Acid dragon scale |    19 |    58 |       |       ||    77
       Chain mail        |       |       |    25 |       ||    25
       Scale mail        |       |       |    64 |    24 ||    88
Dodge: Dodged            |    43 |    91 |    94 |    58 ||   286
Block: Other             |       |    13 |    51 |    19 ||    83
       Reflection        |       |     2 |     2 |       ||     4

Table legend:
 A = Non-vault XP
 B = Vault XP
 C = Vault XP percentage of total XP
 D = Non-vault monster count
 E = Vault monster count
 F = Vault count percentage of total count
                 A         B        C        D         E       F
            +---------+---------+-------+---------+---------+-------
      Total |    4263 |    1863 |  30.4 |     150 |      22 |  12.8
            +---------+---------+-------+---------+---------+-------
        D:1 |      33 |       0 |   0.0 |      18 |       0 |   0.0
        D:2 |      40 |      22 |  35.5 |      16 |       6 |  27.3
        D:3 |      93 |       0 |   0.0 |      23 |       0 |   0.0
        D:4 |     317 |       0 |   0.0 |      18 |       0 |   0.0
        D:5 |     480 |     169 |  26.0 |      15 |       1 |   6.2
        D:6 |    1300 |       0 |   0.0 |      30 |       0 |   0.0
        D:7 |    1533 |       0 |   0.0 |      21 |       0 |   0.0
        D:8 |     467 |    1672 |  78.2 |       9 |      15 |  62.5
            +---------+---------+-------+---------+---------+-------
